 Dungeon Crawl Stone Soup version 0.27.1-34-g3ba077fa99 (webtiles) character file.

Game seed: 17315882661864505587

194 zeram the Shield-Bearer (level 5, -1/47 HPs)
             Began as a Gnoll Fighter on Jan 3, 2022.
             Killed from afar by an orc wizard (11 damage)
             ... with a puff of flame
             ... on level 3 of the Dungeon.
             The game lasted 00:02:58 (2049 turns).

zeram the Shield-Bearer (Gnoll Fighter)             Turns: 2049, Time: 00:02:58

Health: -1/47      AC:  7    Str: 16    XL:     5   Next: 73%
Magic:  7/7        EV:  8    Int:  7    God:
Gold:   62         SH: 10    Dex: 12    Spells: 7/7 levels left

rFire    . . .     SeeInvis .   a - +0 war axe
rCold    . . .     Faith    .   c - +0 kite shield
rNeg     . . .     Spirit   .   b - +0 scale mail
rPois    .         Reflect  .   (no helmet)
rElec    .         Harm     .   (no cloak)
rCorr    .         Rampage  .   (no gloves)
Will     .....                  (no boots)
Stlth    ..........             (no amulet)
HPRegen  0.15/turn              d - ring of wizardry
MPRegen  0.10/turn              (no ring)

@: no status effects
A: fangs 1, strong nose, distributed training
a: no special abilities


You were on level 3 of the Dungeon.
You visited 1 branch of the dungeon, and saw 3 of its levels.

You collected 92 gold pieces.
You spent 30 gold pieces at shops.

Inventory:

Hand Weapons
 a - a +0 war axe (weapon)
Armour
 b - a +0 scale mail (worn)
 c - a +0 kite shield (worn)
Jewellery
 d - a ring of wizardry (left hand)
Potions
 e - a potion of might
 g - a potion of magic {unknown}
 h - a potion of heal wounds


   Skills:
 + Level 6.7 Fighting
 + Level 1.6 Short Blades
 + Level 1.6 Long Blades
 + Level 4.8 Axes
 + Level 1.6 Maces & Flails
 + Level 1.6 Polearms
 + Level 1.6 Staves
 + Level 1.6 Slings
 + Level 1.6 Bows
 + Level 1.6 Crossbows
 + Level 1.6 Throwing
 + Level 6.7 Armour
 + Level 1.6 Dodging
 + Level 1.6 Stealth
 + Level 6.7 Shields
 + Level 1.6 Unarmed Combat
 + Level 1.6 Spellcasting
 + Level 1.3 Conjurations
 + Level 1.3 Hexes
 + Level 1.3 Summonings
 + Level 1.3 Necromancy
 + Level 1.3 Translocations
 + Level 1.3 Transmutations
 + Level 1.3 Fire Magic
 + Level 1.3 Ice Magic
 + Level 1.3 Air Magic
 + Level 1.3 Earth Magic
 + Level 1.3 Poison Magic
 + Level 1.8 Invocations
 + Level 1.6 Evocations


You had 7 spell levels left.
You didn't know any spells.
Your spell library contained the following spells:

 Spells                   Type           Power      Damage    Failure   Level
 Call Canine Familiar     Summ           2%         N/A       92%         3
 Conjure Flame            Conj/Fire      2%         6-21      92%         3
 Ignite Poison            Fire/Tmut/Pois 2%         N/A       92%         3
 Portal Projectile        Hex/Tloc       4%         N/A       92%         3
 Leda's Liquefaction      Hex/Erth       1%         N/A       100%        4
 Sticky Flame             Conj/Fire      2%         2d3       100%        4


Dungeon Overview and Level Annotations

Branches:
Dungeon (3/15)

Altars:
Zin
The Shining One

Shops:
D:1 *


Innate Abilities, Weirdness & Mutations

You have very sharp teeth.
Your uncanny sense of smell can sniff out nearby items.
Your experience applies equally to all skills.


Message History

You hit the orc priest.
You kill the orc priest!
Something hits you.
You closely miss something. You block something's attack.
You hit something. You bite something. You block something's attack.
You barely miss something. Your bite misses something.
Something hits you but does no damage. x2
You miss something. Your bite misses something. Something hits you.
Unknown command.
You miss something.
Something hits you but does no damage. x2
You slash something! Something hits you but does no damage.
You closely miss something. Something hits you.
You miss something. Something hits you. x2
You miss something. Your bite misses something.
You hear some strange, mumbled words.
A magic dart appears from out of thin air!
The magic dart hits you.
You closely miss something. Something hits you but does no damage.
Something hits you.
You miss something. Something hits you but does no damage.
You miss something.
An orc wizard appears from thin air!
Reactivating autopickup.
The orc wizard hits you but does no damage.
You hit the orc wizard but do no damage.
The orc wizard is almost dead.
You block the orc wizard's attack. The orc wizard closely misses you.
You closely miss the orc wizard.
The orc wizard is almost dead.
The orc wizard hits you with a +0 dagger.
You hit the orc wizard.
The orc wizard is almost dead.
You block the orc wizard's attack.
The orc wizard points at you and mumbles some strange words.
The magic dart hits you!
* * * LOW HITPOINT WARNING * * *
You closely miss the orc wizard.
The orc wizard is almost dead.
The orc wizard gestures at you while chanting.
The puff of flame hits you!
You die...

..∆ . ##. .⌠ ...
++≈≈###### #.#
.._≈...... #o#
_≈≈≈###.## #o# ≈
#.# #@# #.# #.#
#.# #.# #.# #.#
##.##
#.############...#
#................#
##############...#
#####


You could see an orc wizard and an orc.

Vanquished Creatures
  A scorpion (D:2)
  An orc priest (D:3)
  5 adders (D:2)
  2 worms (D:2)
  A dart slug (D:2)
  2 orcs (D:3)
  5 endoplasms
  A giant cockroach (D:1)
  6 goblins
  A hobgoblin (D:2)
  2 jackals (D:1)
  5 quokkas (D:2)
  5 ball pythons
  4 bats
  4 frilled lizards
  3 kobolds
  4 rats
52 creatures vanquished.

Notes
Turn   | Place    | Note
-------+----------+-------------------------------------------
     0 | D:1      | zeram the Gnoll Fighter began the quest for the Orb.
     0 | D:1      | Reached XP level 1. HP: 23/23 MP: 1/1
   387 | D:1      | Found Ikeuloem's General Store.
   393 | D:1      | Reached XP level 2. HP: 29/29 MP: 2/2
   437 | D:1      | Bought a potion of curing for 30 gold pieces
   695 | D:2      | Noticed a scorpion
   705 | D:2      | Killed a scorpion
   706 | D:2      | Reached skill level 1 in Short Blades
   706 | D:2      | Reached skill level 1 in Long Blades
   706 | D:2      | Reached skill level 1 in Maces & Flails
   706 | D:2      | Reached skill level 1 in Polearms
   706 | D:2      | Reached skill level 1 in Staves
   706 | D:2      | Reached skill level 1 in Slings
   706 | D:2      | Reached skill level 1 in Bows
   706 | D:2      | Reached skill level 1 in Crossbows
   706 | D:2      | Reached skill level 1 in Throwing
   706 | D:2      | Reached skill level 1 in Dodging
   706 | D:2      | Reached skill level 1 in Stealth
   706 | D:2      | Reached skill level 1 in Unarmed Combat
   706 | D:2      | Reached skill level 1 in Spellcasting
   706 | D:2      | Reached skill level 1 in Invocations
   706 | D:2      | Reached skill level 1 in Evocations
   706 | D:2      | Reached XP level 3. HP: 16/35 MP: 2/4
   706 | D:2      | Reached XP level 4. HP: 19/41 MP: 2/5
   846 | D:2      | Reached skill level 1 in Conjurations
   846 | D:2      | Reached skill level 1 in Hexes
   846 | D:2      | Reached skill level 1 in Summonings
   846 | D:2      | Reached skill level 1 in Necromancy
   846 | D:2      | Reached skill level 1 in Translocations
   846 | D:2      | Reached skill level 1 in Transmutations
   846 | D:2      | Reached skill level 1 in Fire Magic
   846 | D:2      | Reached skill level 1 in Ice Magic
   846 | D:2      | Reached skill level 1 in Air Magic
   846 | D:2      | Reached skill level 1 in Earth Magic
   846 | D:2      | Reached skill level 1 in Poison Magic
  1322 | D:2      | Reached XP level 5. HP: 47/47 MP: 6/6
  1513 | D:2      | Found a faded altar of an unknown god.
  1995 | D:3      | Found a glowing silver altar of Zin.
  1997 | D:3      | Found a glowing golden altar of the Shining One.
  2049 | D:3      | Killed from afar by an orc wizard

Illustrated notes

Levels and vault maps discovered:
D:1:      psy_arrival_dodecagon, layout_loops_ring, serial_shops,
          nicolae_shop_waterfront
D:2:      minmay_diamond_boxcup, layout_basic,
          ebering_ecumenical_altar_sacrificial, supply_closet_lemuel
D:3:      layout_loops_ring, good_gods_mini_temple,
          nicolae_ru_the_path_less_chosen

Skill      XL: |  1  2  3  4 |
---------------+-------------+-----
Short Blades   | 1 |  1.6
Long Blades    | 1 |  1.6
Maces & Flails | 1 |  1.6
Polearms       | 1 |  1.6
Staves         | 1 |  1.6
Slings         | 1 |  1.6
Bows           | 1 |  1.6
Crossbows      | 1 |  1.6
Throwing       | 1 |  1.6
Dodging        | 1 |  1.6
Stealth        | 1 |  1.6
Unarmed Combat | 1 |  1.6
Spellcasting   | 1 |  1.6
Invocations    | 1 |  1.8
Evocations     | 1 |  1.6
Conjurations   | 1 |  1.3
Hexes          | 1 |  1.3
Summonings     | 1 |  1.3
Necromancy     | 1 |  1.3
Translocations | 1 |  1.3
Transmutations | 1 |  1.3
Fire Magic     | 1 |  1.3
Ice Magic      | 1 |  1.3
Air Magic      | 1 |  1.3
Earth Magic    | 1 |  1.3
Poison Magic   | 1 |  1.3
Fighting       | |  6.7
Axes           | |  4.8
Armour         | |  6.7
Shields        | |  6.7

Action                   |  1- 3 |  4- 6 || total
-------------------------+-------+-------++-------
Melee: War axe           |    48 |   130 ||   178
       Bite              |     4 |    10 ||    14
  Use: Scroll            |     2 |     2 ||     4
       Potion            |     2 |       ||     2
Armor: Scale mail        |    24 |    49 ||    73
Dodge: Dodged            |    11 |    35 ||    46
Block: Kite shield       |    41 |    73 ||   114
